 Dungeon Crawl Stone Soup version 0.20.1-1-g8b1a95d66d (webtiles) character file.

949 Ivernyr the Ogre Mage (level 8, -10/81 HPs)
             Began as an Ogre Wizard on Dec 15, 2017.
             Killed by divine providence
             ... invoked by an orc priest
              (13 damage)
             ... on level 5 of the Dungeon on Dec 16, 2017.
             The game lasted 00:39:47 (6085 turns).

Ivernyr the Ogre Mage (Ogre Wizard)                 Turns: 6085, Time: 00:39:48

Health: -10/81     AC:  6    Str: 12    XL:     8   Next: 13%
Magic:  13/19      EV: 10    Int: 24    God:
Gold:   231        SH:  0    Dex:  7    Spells: 11/22 levels left

rFire    . . .     SeeInvis .   t - +0 spear
rCold    . . .     Gourm    .   (no shield)
rNeg     . . .     Faith    .   y - +0 steam dragon scales
rPois    .         Spirit   .   b - +0 hat
rElec    .         Reflect  .   (no cloak)
rCorr    .         Harm     .   (gloves unavailable)
MR       +....                  (boots unavailable)
Stlth    +.........             (no amulet)
Regen    0.3/turn               n - +3 ring of intelligence
MPRegen  0.2/turn               a - ring of protection from magic

@: no status effects
A: unfitting armour, tough skin 1
a: no special abilities


You were on level 5 of the Dungeon.
You were not hungry.

You visited 1 branch of the dungeon, and saw 5 of its levels.

You collected 231 gold pieces.

Inventory:

Hand Weapons
 t - a +0 spear (weapon)
Armour
 b - a +0 hat (worn)
 i - a +0 large shield
 x - a +0 robe of positive energy
 y - +0 steam dragon scales (worn)
Jewellery
 a - a ring of protection from magic (right hand)
 n - a +3 ring of intelligence (left hand)
Wands
 D - a wand of enslavement (13/24)
Scrolls
 e - 2 scrolls of immolation {unknown}
 h - 2 scrolls of identify {unknown}
 l - 2 scrolls of remove curse {unknown}
 m - a scroll of teleportation {unknown}
 p - a scroll of fear {unknown}
 q - 2 scrolls of enchant armour {unknown}
 r - a scroll of random uselessness {unknown}
 v - a scroll of noise {unknown}
 B - a scroll of magic mapping {unknown}
Potions
 f - a potion of lignification {unknown}
 g - a potion of flight {unknown}
 k - a potion of might {unknown}
 s - a potion of brilliance {unknown}
 u - a potion of berserk rage {unknown}
 w - a potion of invisibility {unknown}
 z - a potion of curing {unknown}
 A - a potion of haste {unknown}
Books
 c - a book of Minor Magic

   Spells                             Type                      Level
   a - Magic Dart                     Conjuration                  1
   b - Blink                          Translocation                2
   c - Call Imp                       Summoning                    2
   d - Slow                           Hexes                        2
   e - Conjure Flame                  Conjuration/Fire             3
   f - Mephitic Cloud                 Conjuration/Poison/Air       3
 E - a book of Changes

   Spells                             Type                      Level
   a - Beastly Appendage              Transmutation                1
   b - Sticks to Snakes               Transmutation                2
   c - Spider Form                    Transmutation/Poison         3
   d - Ice Form                       Ice/Transmutation            4
   e - Blade Hands                    Transmutation                5
Comestibles
 d - 2 bread rations
 j - 2 royal jellies
 o - 5 meat rations


   Skills:
 + Level 5.4 Fighting
 - Level 2.0 Dodging
 - Level 1.4 Stealth
 * Level 7.9 Spellcasting
 + Level 4.1 Conjurations
   Level 0.8 Summonings
 - Level 0.8 Translocations


You had 11 spell levels left.
You knew the following spells:

 Your Spells              Type           Power        Failure   Level  Hunger
a - Magic Dart            Conj           ####         1%          1    None
b - Blink                 Tloc           N/A          7%          2    None
c - Conjure Flame         Conj/Fire      ###.....     9%          3    None
d - Mephitic Cloud        Conj/Pois/Air  ###.....     11%         3    None
e - Sticks to Snakes      Tmut           #.......     10%         2    None


Dungeon Overview and Level Annotations

Branches:
Dungeon (5/15)
 Temple: D:4-7

Altars:
Cheibriados
Dithmenos
Gozag
Hepliaklqana
Okawaru
Qazlal
Vehumet


Innate Abilities, Weirdness & Mutations

You are too large for most types of armour.
You have tough skin. (AC +1)


Message History

Aim: a centaur (severely wounded)
The magic dart hits the centaur.
The centaur is almost dead.
The centaur hits you.
* * * LOW HITPOINT WARNING * * *
The centaur hits you but does no damage.
Casting: Magic Dart
Confirm with . or Enter, or press ? or * to list all spells.
Aiming: Magic Dart
Press: ? - help, Shift-Dir - straight line, f/p - centaur
Aim: a centaur (almost dead)
The magic dart hits the centaur.
You kill the centaur!
The orc priest looks satisfied for a moment.
There is a stone staircase leading up here.
The orc warrior hits you with a war axe.
* * * LOW HITPOINT WARNING * * *
The orc priest calls down the wrath of Beogh upon you.
Beogh smites you!
You die...

.......).+....#.#
.........#.######
............
##..#.####.######
##....#....o...!#
##....#.##.####o#
####+##+##......# #
#.>....#.#.#.o###.#
###......#o#.#..@...#
.#.......#o# #..#####
.#.........# #..#
.#......(### #..#
.#.......# #..#
.#.....o.# #..#
.........# #..#
......#.## #..
......#.#


You could see an orc warrior and an orc priest.

Vanquished Creatures
  A steam dragon (D:4)
  The ghost of expyrelain the Sneak, an amateur FeFi (D:4)
  3 ogres (D:4)
  A centaur (D:5)
  A howler monkey (D:4)
  A hound (D:4)
  3 orc priests
  An orc wizard (D:5)
  2 worker ants
  A howler monkey skeleton (D:4)
  3 gnolls (D:3)
  3 adders
  A worm (D:3)
  3 dart slugs
  2 leopard geckos
  8 orcs
  4 giant cockroaches
  6 hobgoblins
  8 jackals
  2 quokkas
  A ball python (D:3)
  6 bats
  13 frilled lizards
  12 goblins
  3 kobolds
  A leopard gecko skeleton (D:4)
  6 rats
97 creatures vanquished.

Notes
Turn   | Place    | Note
-------+----------+-------------------------------------------
     0 | D:1      | Ivernyr the Ogre Wizard began the quest for the Orb.
     0 | D:1      | Reached XP level 1. HP: 16/16 MP: 5/5
    21 | D:1      | Reached skill level 1 in Conjurations
   249 | D:1      | Reached XP level 2. HP: 15/24 MP: 1/6
   253 | D:1      | Learned a level 2 spell: Blink
  1107 | D:2      | Reached skill level 4 in Spellcasting
  1151 | D:2      | Reached skill level 1 in Fighting
  1151 | D:2      | Reached XP level 3. HP: 33/33 MP: 6/8
  1239 | D:2      | Found a snail-covered altar of Cheibriados.
  1323 | D:2      | Learned a level 3 spell: Conjure Flame
  1327 | D:2      | Learned a level 3 spell: Mephitic Cloud
  1517 | D:2      | Found a hazy altar of Hepliaklqana.
  1518 | D:2      | Found an iron altar of Okawaru.
  1936 | D:2      | Found a radiant altar of Vehumet.
  1936 | D:2      | Found a shadowy altar of Dithmenos.
  2204 | D:3      | Found an opulent altar of Gozag.
  2251 | D:3      | Reached XP level 4. HP: 41/41 MP: 5/10
  2888 | D:3      | Reached skill level 5 in Spellcasting
  2888 | D:3      | Reached XP level 5. HP: 43/49 MP: 0/12
  3249 | D:3      | Found a stormy altar of Qazlal.
  3620 | D:4      | Noticed an ogre
  3642 | D:4      | Noticed expyrelain's ghost (amateur FeFi)
  3644 | D:4      | Killed an ogre
  3644 | D:4      | Reached XP level 6. HP: 61/61 MP: 6/14
  4263 | D:4      | Reached skill level 6 in Spellcasting
  4852 | D:4      | Reached XP level 7. HP: 17/70 MP: 4/17
  5210 | D:4      | Noticed a steam dragon
  5236 | D:4      | Killed a steam dragon
  5236 | D:4      | Reached skill level 7 in Spellcasting
  5401 | D:4      | Killed expyrelain's ghost
  5491 | D:4      | Reached skill level 5 in Fighting
  5530 | D:4      | Found a shadowy altar of Dithmenos.
  5666 | D:5      | Entered Level 5 of the Dungeon
  5706 | D:5      | Reached XP level 8. HP: 61/80 MP: 13/19
  5949 | D:5      | Learned a level 2 spell: Sticks to Snakes
  6085 | D:5      | HP: 3/81 [orc warrior/war axe (4)]
  6085 | D:5      | Killed from afar by an orc priest

Skill      XL: |  1  2  3  4  5  6  7  8 |
---------------+-------------------------+-----
Conjurations   | 1 2 3 4 |  4.1
Dodging        | 2 |  2.0
Spellcasting   | 4 5 6 7 |  7.9
Fighting       | 1 2 3 4 5 |  5.4
Stealth        | |  1.4
Summonings     | |  0.8
Translocations | |  0.8

Action                   |  1- 3 |  4- 6 |  7- 9 || total
-------------------------+-------+-------+-------++-------
Melee: Unarmed           |     4 |       |       ||     4
       Spear             |     1 |   118 |    37 ||   156
 Cast: Magic Dart        |    91 |   119 |    48 ||   258
       Conjure Flame     |       |    12 |     5 ||    17
       Blink             |       |     8 |     1 ||     9
 Stab: Sleeping          |     1 |     1 |       ||     2
  Eat: Chunk             |     4 |     7 |     5 ||    16
Armor: Robe              |     5 |     5 |       ||    10
       Steam dragon scal |       |       |     6 ||     6
Dodge: Dodged            |    13 |    25 |    25 ||    63
